 Dungeon Crawl Stone Soup version 0.17-a0-1646-geb1493d (webtiles) character file.

368 LilCorpsy the Shield-Bearer (level 7, 55/55 HPs)
             Began as a Formicid Fighter on Aug 10, 2015.
             Quit the game on level 4 of the Dungeon.
             The game lasted 00:11:32 (3378 turns).

LilCorpsy the Shield-Bearer (Formicid Fighter)      Turns: 3378, Time: 00:11:32

Health: 55/55      AC:  7    Str: 22    XL:     7   Next: 1%
Magic:  7/7        EV:  8    Int:  8    God:
Gold:   122        SH: 10    Dex: 10    Spells: 0 memorised, 6 levels left

rFire  + . .     SeeInvis +     a - +0 flail
rCold  + . .     Clarity  .     b - +0 scale mail
rNeg   . . .     SustAt   .     c - +0 shield
rPois  +         Gourm    .     (helmet unavailable)
rElec  +         Spirit   .     (no cloak)
rCorr  +         Warding  .     (no gloves)
rMut   .         Stasis   +     (no boots)
MR     .....                    (no amulet)
Stlth  ..........               (no ring)
                                (no ring)

@: resistant, not resistant to hostile enchantments, extremely unstealthy
A: permanent stasis, dig shafts and tunnels, four strong arms, antennae 3
a: Dig, Shaft Self


You were on level 4 of the Dungeon.
You were hungry.

You visited 1 branch of the dungeon, and saw 4 of its levels.

You collected 122 gold pieces.

Inventory:

Hand weapons
 a - a +0 flail (weapon)
Missiles
 h - 76 stones (quivered)
Armour
 b - a +0 scale mail (worn)
 c - a +0 shield (worn)
Scrolls
 f - 2 scrolls of random uselessness {unknown}
 g - 2 scrolls of magic mapping {unknown}
 i - a scroll of immolation {unknown}
 j - 2 scrolls of teleportation {unknown}
 k - 3 scrolls of identify {unknown}
 l - 2 scrolls of amnesia {unknown}
 m - 2 scrolls of remove curse {unknown}
 t - a scroll of fear {unknown}
Potions
 n - 2 potions of lignification
 o - a potion of agility {unknown}
 u - a potion of curing
Comestibles
 e - 4 bread rations


   Skills:
 + Level 4.6 Fighting
 * Level 4.6 Maces & Flails
 + Level 4.6 Armour
 + Level 4.8 Shields


You had 6 spell levels left.
You didn't know any spells.

Dungeon Overview and Level Annotations

Branches:
Dungeon (4/15)
 Temple: D:4-7

Altars:


Innate Abilities, Weirdness & Mutations

You are under a permanent stasis effect.
You can dig through walls and to a lower floor.
Your four strong arms can wield two-handed weapons with a shield.
You have a pair of large antennae on your head (SInv).


Message History

You thump the gnoll!
You kill the gnoll!
The gnoll hits you but does no damage.
You thump the gnoll!
You kill the gnoll!
You have reached level 7!
You start resting.
You are feeling hungry.
You start resting.
HP restored.
You see here an enchanted spear.
Things that are here:
a spear; a gnoll skeleton
Items here: )) รทรท a whip; a flail; a gnoll skeleton; a gnoll skeleton
Things that are here:
a giant club; an ogre skeleton It was a potion of resistance.
You feel protected.
Are you sure you want to abandon this character and quit the game? (Confirm with "yes".)

..###.....####..####..#.###
[..........####..#..........
......####...###............
........####..##............
............................
....####.#####..............
.....###.#...#..............
...#.....#...#..............
..######........@..........
.......#......#)##..<.....
.............)).# #..##.
###..........)####...#
....#.#................
..............#...... ..
....###.............. .
##### #.......<...... #
#..............


There were no monsters in sight!

Vanquished Creatures
  2 ogres (D:4)
  2 orc wizards
  A worker ant (D:4)
  4 gnolls (D:4)
  2 adders (D:2)
  An ooze (D:2)
  2 worms (D:4)
  6 orcs
  5 bats
  A giant cockroach (D:3)
  5 hobgoblins
  11 kobolds
  3 quokkas
  3 ball pythons
  3 giant geckos
  2 giant newts (D:3)
  5 goblins
  3 jackals (D:3)
  6 rats
67 creatures vanquished.

Notes
Turn   | Place    | Note
--------------------------------------------------------------
     0 | D:1      | LilCorpsy the Formicid Fighter began the quest for the Orb.
     0 | D:1      | Reached XP level 1. HP: 18/18 MP: 1/1
    88 | D:1      | Reached XP level 2. HP: 21/24 MP: 2/2
   820 | D:2      | Reached XP level 3. HP: 26/30 MP: 3/3
  1064 | D:2      | Reached skill level 4 in Shields
  1468 | D:2      | Reached XP level 4. HP: 37/37 MP: 4/4
  2111 | D:3      | Reached XP level 5. HP: 40/42 MP: 5/5
  2809 | D:4      | Noticed an ogre
  2820 | D:4      | Killed an ogre
  2820 | D:4      | Reached XP level 6. HP: 23/49 MP: 6/6
  3159 | D:4      | Reached XP level 7. HP: 16/55 MP: 7/7
  3378 | D:4      | Quit the game

Vault maps used:
D:1:      moated_graveyard_arrival
D:2:      minmay_tree_intersection
D:4:      first_bread

Action                   |  1- 3 |  4- 6 |  7- 9 || total
-------------------------+-------+-------+-------++-------
Melee: Flail             |   110 |   148 |       ||   258
Throw: Stone             |       |     5 |       ||     5
 Abil: Dig               |       |     1 |       ||     1
  Use: Potion            |       |     4 |     1 ||     5
  Eat: Bread ration      |     1 |       |       ||     1
       Royal jelly       |       |     1 |       ||     1
       Beef jerky        |       |     1 |       ||     1
